 Dungeon Crawl Stone Soup version 0.28-a0-816-gb054d885db (webtiles) character file.

Game seed: 642418335727722183

9 cheechan the Sneak (level 2, -2/28 HPs)
             Began as a Naga Monk on Nov 8, 2021.
             Slain by a jackal (3 damage)
             ... on level 1 of the Dungeon.
             The game lasted 00:01:11 (359 turns).

cheechan the Sneak (Naga Monk)                       Turns: 359, Time: 00:01:12

Health: -2/28      AC:  1    Str: 13    XL:     2   Next: 16%
Magic:  2/2        EV: 10    Int: 10    God:
Gold:   0          SH:  0    Dex: 13    Spells: 1/1 levels left

rFire   . . .      SeeInvis +   c - +2 short sword (flame)
rCold   . . .      Faith    .   (no shield)
rNeg    . . .      Spirit   .   b - +0 robe
rPois   +          Reflect  .   (no helmet)
rElec   .          Harm     .   (no cloak)
rCorr   .          Rampage  .   (no gloves)
Will    .....                   (no barding)
Stlth   ++........              (no amulet)
HPRegen 0.09/turn               (no ring)
MPRegen 0.08/turn               (no ring)

@: short of breath, very slow
A: AC +0, large, see invisible, deformed body, poison resistance, slowness 2,
spit poison 1, naga tail 1
a: Spit Poison


You were on level 1 of the Dungeon.
You visited 1 branch of the dungeon, and saw 1 of its levels.

Inventory:

Hand Weapons
 a - a +0 hand axe
 c - a +2 short sword of flaming (weapon)
Armour
 b - a +0 robe (worn)
Potions
 d - a potion of resistance {unknown}


   Skills:
 + Level 3.2 Fighting
 + Level 3.1 Axes
 + Level 2.5 Dodging
 + Level 3.2 Stealth


You had one spell level left.
You didn't know any spells.
Your spell library was empty.

Dungeon Overview and Level Annotations

Branches:
Dungeon (1/15)

Altars:


Innate Abilities, Weirdness & Mutations

Your serpentine skin is tough. (AC +0)
You have supernaturally acute eyesight. (SInv)
Armour fits poorly on your strangely shaped body.
Your system is resistant to poisons. (rPois)
You cover ground very slowly.
You can spit poison.
You have a snake-like lower body.


Message History

The jackal bites you.
You hit the jackal. You burn the jackal.
The jackal is heavily wounded.
The jackal barely misses you. The jackal closely misses you.
The jackal bites you.
* * * LOW HITPOINT WARNING * * *
You barely miss the jackal.
The jackal bites you but does no damage.
The jackal closely misses you. The jackal barely misses you.
You closely miss the jackal.
The jackal is heavily wounded.
The jackal bites you.
* * * LOW HITPOINT WARNING * * *
The jackal bites you but does no damage.
The jackal barely misses you.
You barely miss the jackal.
The jackal is heavily wounded.
The jackal closely misses you. The jackal bites you.
* * * LOW HITPOINT WARNING * * *
The jackal bites you.
* * * LOW HITPOINT WARNING * * *
The jackal bites you.
* * * LOW HITPOINT WARNING * * *
Abil: Spit Poison
Press: ? - help, Q - select action Shift-Dir - straight line, f - jackal
Aim: a jackal (heavily wounded)
The splash of poison misses the jackal.
The jackal bites you.
* * * LOW HITPOINT WARNING * * *
The jackal barely misses you.
You hit the jackal. You burn the jackal.
You kill the jackal!
The jackal bites you but does no damage.
The jackal misses you.
You closely miss the jackal. The jackal bites you.
* * * LOW HITPOINT WARNING * * *
You hit the jackal. You burn the jackal.
The jackal is severely wounded.
The jackal bites you.
You die...

#..).#########.#..#
#.#
#.#..........#.#..#
#.##
#.#..#######.#....#
#..####### .....#
####.# ##'#.>....
.....# #.# #.#######
[.##.# #h####.#
###.### .. #.. h....#
#..<..# #. ###
#!h#######.#######
#@.'.............+
#......####.#####.####
#####..# #.# # #...
... ##.####### #.# #.#
.#.


You could see a jackal.

Vanquished Creatures
  A giant cockroach (D:1)
  3 jackals (D:1)
  3 kobolds (D:1)
  A quokka (D:1)
8 creatures vanquished.

Notes
Turn   | Place    | Note
-------+----------+-------------------------------------------
     0 | D:1      | cheechan the Naga Monk began the quest for the Orb.
     0 | D:1      | Reached XP level 1. HP: 21/21 MP: 1/1
   350 | D:1      | Reached XP level 2. HP: 11/28 MP: 2/2
   358 | D:1      | HP: 1/28 [jackal (2)]
   359 | D:1      | Slain by a jackal

Illustrated notes

Levels and vault maps discovered:
D:1:      shiori_shiawase, layout_loops_ring, dreamdust_ecumenical_altar_grove,
          minmay_pentomino_u2

Action                   || total
-------------------------++-------
Melee: Short sword       ||    16
       Hand axe          ||     3
 Abil: Spit Poison       ||     3
Armor: Robe              ||     3
Dodge: Dodged            ||    18

Table legend: (Time is in decaauts)
 A = Elapsed time spent in this place.
 B = Non-inter-level travel time spent in this place.
 C = Inter-level travel time spent in this place.
 D = Time resting spent in this place.
 E = Time spent auto-exploring this place.
 F = Levels seen in this place.
 G = Mean time per level.
                   A        B        C        D        E       F      G
               +--------+--------+--------+--------+--------+-----+--------+
         Total |    493 |    493 |      0 |      0 |      0 |   1 |  493.0 |
       Dungeon |    493 |    493 |      0 |      0 |      0 |   1 |  493.0 |
               +--------+--------+--------+--------+--------+-----+--------+

Top non-repeatable levels by time:
     D:1: 493 daAuts
